 Dungeon Crawl Stone Soup version 0.18.1-2-ga659475 (webtiles) character file.

41 HungrySpirit the Chiller (level 3, -5/24 HPs)
             Began as a Formicid Ice Elementalist on May 8, 2016.
             Killed by divine providence
             ... invoked by an orc priest
              (17 damage)
             ... on level 3 of the Dungeon.
             The game lasted 00:03:11 (2344 turns).

HungrySpirit the Chiller (FoIE)                     Turns: 2344, Time: 00:03:12

Health: -5/24      AC:  5    Str: 13    XL:     3   Next: 75%
Magic:  6/6        EV: 10    Int: 14    God:
Gold:   71         SH:  0    Dex: 11    Spells: 1 memorised, 5 levels left

rFire  . . .     SeeInvis +     g - +0 short sword
rCold  . . .     Gourm    .     l - +0 ring mail
rNeg   . . .     Faith    .     (no shield)
rPois  .         Spirit   .     (helmet unavailable)
rElec  .         Dismiss  .     (no cloak)
rCorr  .         Reflect  .     (no gloves)
SustAt .         Harm     .     (no boots)
MR     .....                    (no amulet)
Stlth  +.........               (no ring)
                                (no ring)

@: not resistant to hostile enchantments, very unstealthy
A: permanent stasis, dig shafts and tunnels, four strong arms, antennae 3
a: Dig, Shaft Self


You were on level 3 of the Dungeon.
You were hungry.

You visited 1 branch of the dungeon, and saw 3 of its levels.

You collected 71 gold pieces.

Inventory:

Hand Weapons
 g - a +0 short sword (weapon)
 v - a +4 dagger
Missiles
 f - 5 javelins (quivered)
Armour
 k - a +0 shield
 l - a +0 ring mail (worn)
Jewellery
 t - a +4 ring of intelligence {unknown}
Scrolls
 a - 2 scrolls of magic mapping {unknown}
 e - 2 scrolls of remove curse {unknown}
 h - a scroll of random uselessness {unknown}
 i - 2 scrolls of fear {unknown}
 m - 5 scrolls of identify {unknown}
 o - 2 scrolls of enchant armour {unknown}
 s - 2 scrolls of teleportation {unknown}
 u - a scroll of enchant weapon {unknown}
Potions
 j - 3 potions of degeneration {unknown}
 n - a potion of brilliance {unknown}
 p - a potion of curing {unknown}
 q - a potion of invisibility {unknown}
 r - a potion of heal wounds {unknown}
Books
 b - a book of Frost

   Spells                             Type                      Level
   a - Freeze                         Ice                          1
   b - Throw Frost                    Conjuration/Ice              2
   c - Ozocubu's Armour               Charms/Ice                   3
   d - Throw Icicle                   Conjuration/Ice              4
   e - Summon Ice Beast               Ice/Summoning                4
Comestibles
 c - 2 bread rations
 d - 4 fruits


   Skills:
 * Level 2.2 Short Blades
 - Level 1.7 Dodging
 - Level 2.4 Stealth
 - Level 2.1 Spellcasting
   Level 0.8 Conjurations
 + Level 3.6 Ice Magic


You had 5 spell levels left.
You knew the following spells:

 Your Spells              Type           Power        Failure   Level  Hunger
a - Freeze                Ice            ##..         14%         1    #......


Dungeon Overview and Level Annotations

Branches:
Dungeon (3/15)

Altars:
Ashenzari
Gozag
Xom


Innate Abilities, Weirdness & Mutations

You are under a permanent stasis effect.
You can dig through walls and to a lower floor.
Your four strong arms can wield two-handed weapons with a shield.
You have a pair of large antennae on your head (SInv).


Message History

You don't have any such object.
Wield which item (- for none, * to show all)? (? for menu, Esc to quit)
You don't have any such object.
Wield which item (- for none, * to show all)? (? for menu, Esc to quit)
Okay, then.
Unknown command.
An orc comes into view.
The orc hits you but does no damage.
The orc shouts!
An orc and an orc priest come into view.
The orc shouts!
The orc moves out of view.
The orc priest calls down the wrath of Beogh upon you.
Pain shoots through your body!
Ouch! That really hurt!
The orc priest casts a cantrip, but nothing happens.
The orc priest invokes the aid of Beogh against you.
Beogh smites you!
Ouch! That really hurt!
You die...

######### #####
........# #####.o..
........# #...g.###
........# #.##..# #
........#########{##..#
#
........)..#.{.....#o.#
#
........##<#.#######..#
#
........####o.....##..#
#
........@..o.o..#.##..#
# ##############..#
.(.#.. ..... (..{.
#{##o..##.# .{o.. ..
### .o.


gg. .... You could see an orc priest and 2 orcs.

Vanquished Creatures
  4 dart slugs
  A giant gecko (D:2)
  2 hobgoblins
  2 jackals (D:1)
  5 kobolds
  6 bats
  3 giant newts
  4 goblins
  5 rats
32 creatures vanquished.

Notes
Turn   | Place    | Note
--------------------------------------------------------------
     0 | D:1      | HungrySpirit the Formicid Ice Elementalist began the quest for the Orb.
     0 | D:1      | Reached XP level 1. HP: 13/13 MP: 3/3
   152 | D:1      | Reached skill level 1 in Short Blades
   450 | D:1      | Reached XP level 2. HP: 19/19 MP: 5/5
  1404 | D:2      | Found a shimmering altar of Xom.
  1405 | D:2      | Found a shimmering altar of Xom.
  1604 | D:2      | Found an opulent altar of Gozag.
  1610 | D:2      | Reached XP level 3. HP: 24/24 MP: 6/6
  1735 | D:2      | Found a shattered altar of Ashenzari.
  2344 | D:3      | Killed from afar by an orc priest

Skill      XL: |  1  2 |
---------------+-------+-----
Short Blades   | 1 2 |  2.2
Dodging        | |  1.7
Stealth        | |  2.4
Spellcasting   | |  2.1
Conjurations   | |  0.8
Ice Magic      | |  3.6

Action                   || total
-------------------------++-------
Melee: Dagger            ||    12
       Short sword       ||    96
Throw: Javelin           ||     1
 Cast: Freeze            ||     6
 Stab: Sleeping          ||     4
  Eat: Chunk             ||     4
Armor: Robe              ||    12
       Ring mail         ||    35
Dodge: Dodged            ||    92
